 Dungeon Crawl Stone Soup version 0.21.1-1-g345015fe64 (console) character file.

289 Kloppie the Ruffian (level 6, -2/63 HPs)
             Began as a Troll Monk on Apr 28, 2018.
             Was a Believer of Okawaru.
             Slain by a gnoll (4 damage)
             ... on level 4 of the Dungeon.
             The game lasted 00:03:00 (1765 turns).

Kloppie the Ruffian (Troll Monk)                    Turns: 1765, Time: 00:03:00

Health: -2/63      AC:  5    Str: 20    XL:     6   Next: 9%
Magic:  5/5        EV: 10    Int:  6    God:    Okawaru [**....]
Gold:   188        SH:  0    Dex: 14    Spells: 5/5 levels left

rFire    + . .     SeeInvis .     - Unarmed
rCold    . . .     Gourm    +   (no shield)
rNeg     . . .     Faith    .   a - +0 robe
rPois    .         Spirit   .   (helmet restricted)
rElec    .         Reflect  .   (no cloak)
rCorr    .         Harm     .   (gloves unavailable)
MR       +....                  (boots unavailable)
Stlth    ++........             (no amulet)
HPRegen  0.60/turn              f - ring of protection from fire
MPRegen  0.09/turn              i - ring of protection from magic

@: no status effects
A: large, unfitting armour, claws 3, fast metabolism 3, gourmand, regeneration
1, shaggy fur 1, tough skin 2
a: Heroism, Renounce Religion


You were on level 4 of the Dungeon.
You worshipped Okawaru.
Okawaru was pleased with you.
You were very full.

You visited 1 branch of the dungeon, and saw 4 of its levels.

You collected 188 gold pieces.

Inventory:

Armour
 a - a +0 robe (worn)
Jewellery
 f - a ring of protection from fire (left claw)
 i - a ring of protection from magic (right claw)
Scrolls
 e - 4 scrolls of teleportation
 j - a scroll of magic mapping
 n - 4 scrolls of remove curse {unknown}
 r - a scroll of fog {unknown}
Potions
 c - a potion of berserk rage
 d - 2 potions of mutation
 g - a potion of ambrosia
 k - 3 potions of curing
 l - a potion of invisibility {unknown}
 m - a potion of lignification {unknown}
 p - a potion of degeneration {unknown}
 q - 2 potions of brilliance {unknown}
Comestibles
 b - 2 rations
 o - 6 chunks of flesh


   Skills:
 + Level 4.3 Fighting
 - Level 2.4 Dodging
 - Level 1.0 Stealth
 + Level 5.3 Unarmed Combat


You had 5 spell levels left.
You didn't know any spells.

Dungeon Overview and Level Annotations

Branches:
Dungeon (4/15)
 Temple: D:4-7

Altars:
Elyvilon
Gozag
Okawaru


Innate Abilities, Weirdness & Mutations

You are too large for most types of armour.
You have claws for hands.
Your metabolism is lightning-fast.
You like to eat raw meat.
Your natural rate of healing is unusually fast.
You are covered in fur. (AC +1)
You have very tough skin. (AC +2)


Message History

The gnoll shouts! x2
The gnoll barely misses you.
Found a scroll labeled ATUXTOL BABING and 17 stones.
Found a stone staircase leading down.
You claw the gnoll!
The gnoll is almost dead.
You scratch the gnoll.
You kill the gnoll!
Okawaru accepts your kill.
You see here a spear.
The gnoll hits you with a halberd!
* * * LOW HITPOINT WARNING * * *
The gnoll hits you!
* * * LOW HITPOINT WARNING * * *
You scratch the gnoll.
The gnoll is moderately wounded.
The gnoll hits you with a halberd!
* * * LOW HITPOINT WARNING * * *
The gnoll hits you.
You die...

**,,,,**,,,,,,***
**,*******,,,,,, *#.* **,,,,, ##*
#.#* ******* ##.#* #.# ***≈*≈≈*≈
**...#* #.# *##.*≈*≈**≈
**,,#..###.#*##...*≈*≈**≈
*,,,,#.g#..##..>#**≈*≈≈*≈
**,.?.#.g@.....#** *≈**≈*≈
***,........)...## *≈≈≈≈*≈
**,,,.##...#.....###******≈*≈ **
**,,****#...#..#....##.#≈≈≈≈≈≈
,***,,,** #.......#.......#≈*****
,,*,,,,,**#..(....#...##..#≈≈≈≈≈≈
,,,,,,,,,.............#*,.#***≈*≈
,,,,,,,,,.#######....##*<,,,≈≈≈≈≈
*,,*,,,,,,* ##...#**,,,,,,≈,,


You could see 2 gnolls.

Vanquished Creatures
  An ogre (D:4)
  An orc priest (D:3)
  An orc wizard (D:3)
  Jessica (D:3)
  A gnoll (D:4)
  4 adders
  2 worms
  2 dart slugs
  6 orcs (D:3)
  4 giant cockroaches
  6 goblins
  5 hobgoblins
  6 jackals
  8 bats
  2 frilled lizards
  7 kobolds
  14 rats
71 creatures vanquished.

Notes
Turn   | Place    | Note
-------+----------+-------------------------------------------
     0 | D:1      | Kloppie the Troll Monk began the quest for the Orb.
     0 | D:1      | Reached XP level 1. HP: 22/22 MP: 0/0
   104 | D:1      | Reached XP level 2. HP: 29/29 MP: 1/1
   473 | D:2      | Reached XP level 3. HP: 37/37 MP: 2/2
   757 | D:2      | Reached skill level 4 in Unarmed Combat
   866 | D:2      | Found a white marble altar of Elyvilon.
   867 | D:2      | Found an opulent altar of Gozag.
  1148 | D:3      | Reached XP level 4. HP: 40/45 MP: 3/3
  1270 | D:3      | Noticed Jessica
  1276 | D:3      | Killed Jessica
  1428 | D:3      | Reached XP level 5. HP: 42/54 MP: 4/4
  1619 | D:3      | Found an iron altar of Okawaru.
  1688 | D:3      | Became a worshipper of Warmaster Okawaru
  1688 | D:3      | Reached * piety under Okawaru
  1688 | D:3      | Reached ** piety under Okawaru
  1738 | D:4      | Noticed an ogre
  1744 | D:4      | Killed an ogre
  1744 | D:4      | Reached skill level 5 in Unarmed Combat
  1744 | D:4      | Reached XP level 6. HP: 30/63 MP: 5/5
  1765 | D:4      | HP: 2/63 [gnoll/halberd (10)]
  1765 | D:4      | Slain by a gnoll

Skill      XL: |  1  2  3  4  5 |
---------------+----------------+-----
Fighting       | 3 4 |  4.3
Unarmed Combat | 4 5 |  5.3
Dodging        | |  2.4
Stealth        | |  1.0

Action                   |  1- 3 |  4- 6 || total
-------------------------+-------+-------++-------
Melee: Unarmed           |    85 |    72 ||   157
       Punch             |     2 |     1 ||     3
  Use: Scroll            |       |     6 ||     6
 Stab: Sleeping          |     8 |       ||     8
  Eat: Chunk             |    15 |     6 ||    21
Armor: Robe              |    43 |    19 ||    62
Dodge: Dodged            |    45 |    23 ||    68
